 Dungeon Crawl Stone Soup version 0.27-b1-42-g19c61b19a5 (webtiles) character file.

Game seed: 3212836765656828426

12655 MacCMillion the Frost Mage (level 11, -3/67 HPs)
             Began as a Gargoyle Ice Elementalist on July 29, 2021.
             Was an Initiate of Hepliaklqana.
             Slain by a killer bee (4 damage)
             ... on level 12 of the Dungeon on July 30, 2021.
             The game lasted 00:40:45 (15855 turns).

MacCMillion the Frost Mage (GrIE)                  Turns: 15855, Time: 00:40:46

Health: -3/67      AC: 17    Str: 12    XL:     11   Next: 96%
Magic:  1/20       EV: 15    Int: 19    God:    Hepliaklqana [......]
Gold:   571        SH:  0    Dex: 10    Spells: 14/22 levels left

rFire    . . .     SeeInvis .   C - +1 short sword (elec)
rCold    . . .     Faith    .   (no shield)
rNeg     + . .     Spirit   .   w - +0 leather armour
rPois    ∞         Reflect  .   G - +1 hat
rElec    +         Harm     .   (no cloak)
rCorr    .         Rampage  .   a - +0 pair of gloves
Will     .....                  (no boots)
Stlth    ++........             (no amulet)
HPRegen  0.21/turn              n - +4 ring of protection
MPRegen  0.17/turn              o - +4 ring of evasion

@: hasted, very quick
A: sickness immunity, AC +8, negative energy resistance 1, electricity
resistance, torment resistance 1, petrification resistance
a: Renounce Religion


You were on level 12 of the Dungeon.
You worshipped Hepliaklqana.
Hepliaklqana was noncommittal.
You visited 2 branches of the dungeon, and saw 13 of its levels.

You collected 571 gold pieces.

Inventory:

Hand Weapons
 b - a +0 dagger
 i - a +1 hand axe of distortion
 C - a +1 short sword of electrocution (weapon)
 J - a +1 quarterstaff of speed
 N - a +0 dagger of chaos
Armour
 a - a +0 pair of gloves (worn)
 j - a +0 chain mail of willpower
 w - a +0 leather armour (worn)
 G - a +1 hat (worn)
Jewellery
 n - a +4 ring of protection (left hand)
 o - a +4 ring of evasion (right hand)
 s - a ring of fire
 F - a +6 ring of dexterity
 H - a ring of magical power
 L - a +6 ring of strength
 P - an amulet of faith
 R - an amulet of magic regeneration
Wands
 y - a wand of digging (1)
 A - a wand of acid (11)
Scrolls
 e - 2 scrolls of immolation {unknown}
 g - a scroll of blinking {unknown}
 k - a scroll of brand weapon {unknown}
 p - 4 scrolls of teleportation {unknown}
 v - 9 scrolls of identify
 x - a scroll of enchant weapon {unknown}
 z - a scroll of fog {unknown}
 B - a scroll of vulnerability {unknown}
 D - a scroll of noise {unknown}
 E - a scroll of magic mapping {unknown}
 K - a scroll of acquirement {unknown}
 O - a scroll of amnesia {unknown}
Potions
 c - 2 potions of degeneration
 d - 4 potions of attraction
 f - a potion of haste
 h - a potion of magic {unknown}
 l - 2 potions of resistance
 m - a potion of brilliance
 q - 2 potions of flight
 r - 5 potions of curing {unknown}
 t - 2 potions of might {unknown}
 u - 2 potions of ambrosia
 I - a potion of invisibility {unknown}
 M - a potion of heal wounds {unknown}
Miscellaneous
 Q - a phantom mirror


   Skills:
 - Level 7.0 Fighting
 - Level 5.0 Armour
 - Level 1.5 Dodging
 - Level 2.1 Stealth
 - Level 6.0 Spellcasting
 + Level 11.5 Conjurations
 + Level 12.2 Ice Magic


You had 14 spell levels left.
You knew the following spells:

 Your Spells              Type           Power      Damage    Failure   Level
a - Freeze                Ice            100%       1d11      1%          1
b - Frozen Ramparts       Ice            100%       1d12      1%          3
c - Hailstorm             Conj/Ice       50%        3d11      1%          4

Your spell library contained the following spells:

 Spells                   Type           Power      Damage    Failure   Level
 Ozocubu's Armour         Ice            51%        N/A       1%          3
 Lightning Bolt           Conj/Air       13%        1d27      36%         5
 Airstrike                Air            2%         N/A       80%         4
 Summon Lightning Spire   Summ/Air       5%         N/A       80%         4


Dungeon Overview and Level Annotations

Branches:
Dungeon (12/15)            Temple (1/1) D:4            Lair (0/6) D:10
    Orc (0/2) D:10

Altars:
Ashenzari
Cheibriados
Dithmenos
Elyvilon
Fedhas
Gozag
Hepliaklqana
Kikubaaqudgha
Makhleb
Nemelex Xobeh
Okawaru
Qazlal
Ru
Sif Muna
Trog
Uskayaw
Wu Jian
Xom
Yredelemnul
Zin
The Shining One
Lugonu

Shops:
D:2 (

Portals:
Abyss: D:9

Annotations:
D:11 3 runed translucent doors, DildoBatman's ghost, journeyman FoCj


Innate Abilities, Weirdness & Mutations

You are immune to sickness and miasma.
Your stone body is resilient. (AC +8)
You are immune to poison.
You resist negative energy. (rN+)
You are resistant to electric shocks. (rElec)
You are resistant to unholy torment.
You are immune to petrification.


Message History

Press: ? - help, Q - select action, (/) - cycle Shift-Dir - straight line, f - meliai
Aim: a meliai, wielding a +0 war axe and wearing a +0 leather armour of poison resistance (severely wounded, berserk)
You freeze the meliai!
The meliai is almost dead.
The wall freezes the meliai.
You kill the meliai!
The wall freezes the killer bee. x2
You kill the killer bee!
The wall freezes the killer bee. x2; The wall freezes the meliai.
The queen bee calls on the killer bee to defend it!
The killer bee goes berserk!
The queen bee calls on the killer bee to defend it!
The killer bee goes berserk!
Okay, then.
Okay, then.
Okay, then.
Your frozen ramparts will break if you move.
Continue?
The frozen ramparts melt away as you move.
You hear an angry buzzing noise.
The killer bee closely misses you.
The killer bee stings you but does no damage.
The killer bee stings you.
The killer bee rages.
The killer bee completely misses you.
The killer bee rages.
The killer bee closely misses you. The killer bee stings you.
* * * LOW HITPOINT WARNING * * *
The killer bee stings you.
* * * LOW HITPOINT WARNING * * *
The killer bee stings you but does no damage.
The killer bee barely misses you.
You feel yourself speed up. The killer bee closely misses you.
The killer bee stings you but does no damage.
The meliai calls upon its god to heal the killer bee.
The killer bee is healed somewhat.
The killer bee stings you!
* * * LOW HITPOINT WARNING * * *
The killer bee stings you!
* * * LOW HITPOINT WARNING * * *
The killer bee closely misses you. The killer bee stings you.
You die...

........................
........................
..................<.....
........................
############'###########
#.....#......#
#)#y.y#......#
††y#.yy#......#
..!y†#..@#......#
#†.†..#...'......#
#.!†..#...#......#
#!!...#...#......+
#######...#......#
#.....#......#
##############


You could see a queen bee, a meliai and 2 killer bees.

Vanquished Creatures
  A hydra (D:11)
  2 two-headed ogres
  A manticore (D:12)
  An ugly thing (D:11)
  Joseph (D:9)
  Psyche (D:10)
  A komodo dragon (D:10)
  2 meliai (D:12)
  5 trolls
  A shadow (D:9)
  Grum (D:9)
  17 yaks
  A steam dragon (D:8)
  A water moccasin (D:6)
  5 orc warriors
  2 black bears
  2 wolves (D:9)
  3 ogres (D:6)
  A centaur (D:10)
  4 kobold brigands
  A wyvern zombie (D:8)
  A gnoll sergeant (D:10)
  A scorpion (D:6)
  A wyvern skeleton (D:5)
  A water moccasin skeleton (D:7)
  26 killer bees
  2 howler monkeys
  2 jellies
  3 orc priests
  4 centaur zombies
  5 hounds
  6 iguanas
  9 orc wizards
  Terence (D:3)
  3 howler monkey zombies
  Robin (D:2)
  10 gnolls
  4 adders
  3 shadow imps
  2 ufetubi (D:6)
  A worm (D:2)
  3 dart slugs
  32 orcs
  8 endoplasms
  2 giant cockroaches
  15 goblins
  10 hobgoblins
  3 jackals (D:1)
  4 quokkas
  7 ball pythons
  7 bats
  A frilled lizard (D:2)
  24 kobolds
  9 rats
  A lurking horror (D:9)
266 creatures vanquished.

Vanquished Creatures (others)
  An orc wizard (D:3)
  5 plants (D:3)
6 creatures vanquished.

Grand Total: 272 creatures vanquished

Notes
Turn   | Place    | Note
-------+----------+-------------------------------------------
     0 | D:1      | MacCMillion the Gargoyle Ice Elementalist began the quest
                  | for the Orb.
     0 | D:1      | Reached XP level 1. HP: 10/10 MP: 3/3
   210 | D:1      | Reached XP level 2. HP: 15/15 MP: 5/5
   573 | D:1      | Reached XP level 3. HP: 17/19 MP: 2/6
   679 | D:1      | Reached skill level 5 in Ice Magic
   960 | D:1      | Found a faded altar of an unknown god.
  1621 | D:2      | Found Ylyvoer's Weapon Shop.
  1717 | D:2      | Noticed Robin
  1760 | D:1      | Reached XP level 4. HP: 19/24 MP: 1/7
  1838 | D:2      | Killed Robin
  1919 | D:2      | Learned a level 3 spell: Frozen Ramparts
  2847 | D:3      | Reached skill level 6 in Ice Magic
  2850 | D:3      | Reached XP level 5. HP: 28/28 MP: 2/8
  3502 | D:3      | Noticed Terence
  3511 | D:3      | Killed Terence
  3790 | D:3      | Reached skill level 7 in Ice Magic
  3907 | D:3      | Reached XP level 6. HP: 33/33 MP: 6/9
  4150 | D:4      | Found a staircase to the Ecumenical Temple.
  4170 | Temple   | Entered the Ecumenical Temple
  4266 | D:4      | Noticed an orc warrior
  4276 | D:4      | Reached skill level 1 in Fighting
  4277 | D:4      | Killed an orc warrior
  4732 | D:4      | Found an iron altar of Okawaru.
  5032 | D:4      | Reached XP level 7. HP: 44/44 MP: 6/10
  5339 | D:5      | Entered Level 5 of the Dungeon
  6123 | D:5      | Reached skill level 5 in Fighting
  6178 | D:5      | Reached skill level 1 in Armour
  6609 | D:5      | Found an opulent altar of Gozag.
  7297 | D:6      | Found a bloodstained altar of Trog.
  7338 | D:6      | Reached XP level 8. HP: 34/49 MP: 11/11
  7539 | D:6      | Reached skill level 5 in Armour
  7544 | D:6      | Learned a level 4 spell: Hailstorm
  7775 | D:6      | Found a shadowy altar of Dithmenos.
  7812 | D:6      | Reached skill level 1 in Conjurations
  8932 | D:6      | Reached skill level 8 in Ice Magic
  9241 | D:7      | Reached XP level 9. HP: 50/54 MP: 6/12
  9632 | D:7      | Reached skill level 5 in Conjurations
  9841 | D:8      | Reached skill level 9 in Ice Magic
 10145 | D:8      | Noticed a two-headed ogre
 10420 | D:8      | Killed a two-headed ogre
 10421 | D:8      | Reached XP level 10. HP: 26/61 MP: 7/16
 11188 | D:9      | Found a blossoming altar of Fedhas.
 11259 | D:9      | Reached skill level 10 in Ice Magic
 11465 | D:9      | Found a one-way gate to the infinite horrors of the Abyss.
 11466 | D:9      | Found a corrupted altar of Lugonu.
 11611 | D:9      | Found a broken altar of Ashenzari.
 11626 | D:9      | Noticed a two-headed ogre
 12117 | D:9      | Killed a two-headed ogre
 12118 | D:9      | Reached skill level 11 in Ice Magic
 12359 | D:9      | Noticed Grum
 12368 | D:9      | Killed Grum
 12369 | D:9      | Reached skill level 5 in Spellcasting
 12618 | D:9      | Noticed Joseph
 12626 | D:9      | Killed Joseph
 12753 | D:9      | Found a shimmering blue altar of Sif Muna.
 13319 | D:9      | Found a glowing golden altar of the Shining One.
 13390 | D:10     | Entered Level 10 of the Dungeon
 13412 | D:10     | Found a staircase to the Lair.
 13417 | D:10     | Found a staircase to the Orcish Mines.
 13438 | D:10     | Found a sparkling altar of Nemelex Xobeh.
 13542 | D:10     | Reached XP level 11. HP: 52/67 MP: 16/20
 13654 | D:10     | Found a hazy altar of Hepliaklqana.
 13659 | D:10     | Became a worshipper of Hepliaklqana the Forgotten
 14293 | D:10     | Noticed Psyche
 14305 | D:10     | Killed Psyche
 14449 | D:11     | Reached skill level 10 in Conjurations
 14467 | D:11     | Noticed a green ugly thing
 14476 | D:11     | Killed a green ugly thing
 14720 | D:11     | Found a runed translucent gate.
 14720 | D:11     | Found a runed translucent gate.
 14720 | D:11     | Found a runed translucent gate.
 14726 | D:11     | Noticed DildoBatman's ghost (journeyman FoCj)
 15210 | D:11     | Noticed an eight-headed hydra
 15220 | D:11     | Killed an eight-headed hydra
 15724 | D:12     | Noticed a manticore
 15733 | D:12     | Killed a manticore
 15849 | D:12     | Reached skill level 12 in Ice Magic
 15855 | D:12     | HP: 1/67 [killer bee (9)]
 15855 | D:12     | Slain by a killer bee

Illustrated notes

Levels and vault maps discovered:
D:1:      sevenhm_arrival_forest_fort_small_3, layout_basic,
          shapermc_ecumenical_altar_flowoftime
D:2:      layout_loops_ring, serial_shops, nicolae_shop_stone, uniq_robin
D:3:      layout_basic, serial_bayou, serial_bayou_pond_e, serial_bayou_pond_c,
          serial_bayou_shore_b, serial_bayou_crossing, uniq_terence
D:4:      layout_layer_cave, mainiacjoe_overflow_concentric_impassable,
          minmay_temple_entry_glassed_door, minmay_unequal
D:5:      layout_rooms, nicolae_gozag_seed_capital, hex_medium,
          hangedman_decor_clover_reticule
D:6:      layout_basic, nicolae_dithmenos_through_a_glass_darkly,
          mainiacjoe_overflow_24_doors
D:7:      layout_cave_pools, chequers_arboretum, st_stairs_8
D:8:      layout_loops_ring, minmay_misc_feat_iff
D:9:      layout_basic, tso_altar, nicolae_overflow_crystal_walls,
          mainiacjoe_overflow_paths, led_sif_pool,
          minmay_misc_feat_secret_circle, grunt_ministairs_10,
          corexii_corridor_pit, amcnicky_altar_lugonu_corruption, uniq_joseph,
          uniq_grum
D:10:     layout_basic, mainiacjoe_overflow_catwalk, vehumet_statue,
          kennysheep_little_box, lair_entry_dummy, orc_0_dummy, uniq_psyche
D:11:     layout_cave_pods, gammafunk_ghost_necromancy
D:12:     layout_grid_maze, special_room [special_room_bee]
Temple:   jpeg_temple_clearing

Skill      XL: |  1  2  3  4  5  6  7  8  9 10 11 |
---------------+----------------------------------+-----
Ice Magic      | 5 6 7 8 9 11 12 | 12.2
Fighting       | 4 5 6 7 |  7.0
Armour         | 4 5 |  5.0
Conjurations   | 4 6 8 11 | 11.5
Spellcasting   | 4 6 |  6.0
Dodging        | |  1.5
Stealth        | |  2.1

Action                   |  1- 3 |  4- 6 |  7- 9 | 10-12 || total
-------------------------+-------+-------+-------+-------++-------
Melee: Dagger            |    12 |    17 |   154 |       ||   183
       Short sword       |       |       |    12 |    69 ||    81
 Cast: Freeze            |    57 |    51 |    93 |    71 ||   272
       Frozen Ramparts   |       |    10 |    26 |    30 ||    66
       Hailstorm         |       |       |       |    30 ||    30
Evoke: Wand              |       |       |       |     1 ||     1
  Use: Scroll            |       |       |     5 |       ||     5
       Potion            |       |       |       |     1 ||     1
 Stab: Sleeping          |     6 |     3 |     1 |     1 ||    11
Armor: Robe              |    16 |     9 |    23 |       ||    48
       Leather armour    |       |       |    97 |   101 ||   198
Dodge: Dodged            |    29 |    32 |   267 |   123 ||   451
